 Dungeon Crawl Stone Soup version 0.18-a0-884-gb6cfd45 (webtiles) character file.

108 JokEr the Skirmisher (level 4, 0/34 HPs)
             Began as a High Elf Fighter on Dec 22, 2015.
             Slain by Grinder (4 damage)
             ... while paralysed by Grinder
             ... on level 3 of the Dungeon.
             The game lasted 00:07:14 (2451 turns).

JokEr the Skirmisher (High Elf Fighter)             Turns: 2451, Time: 00:07:14

Health: 0/34       AC:  9    Str: 21    XL:     4   Next: 58%
Magic:  5/5        EV:  2    Int: 12    God:
Gold:   70         SH:  0    Dex: 14    Spells: 0 memorised, 3 levels left

rFire  . . .     SeeInvis .     a - +1 long sword
rCold  . . .     Gourm    .     b - +1 scale mail
rNeg   . . .     Faith    .     c - +0 shield
rPois  .         Spirit   .     (no helmet)
rElec  .         Dismiss  .     (no cloak)
rCorr  .         Reflect  .     (no gloves)
SustAt +         Harm     .     (no boots)
MR     .....                    (no amulet)
Stlth  ..........               n - +2 ring of protection
                                j - ring of sustain attributes

@: paralysed, mighty, not resistant to hostile enchantments, extremely
unstealthy
A: no striking features
a: no special abilities


You were on level 3 of the Dungeon.
You were not hungry.

You visited 1 branch of the dungeon, and saw 3 of its levels.

You collected 70 gold pieces.

Inventory:

Hand Weapons
 a - a +1 long sword (weapon)
Armour
 b - a +1 scale mail (worn)
 c - a +0 shield (worn)
Jewellery
 j - a ring of sustain attributes (left hand)
 n - a +2 ring of protection (right hand)
 t - an uncursed ring of protection from cold {unknown}
Scrolls
 e - 3 scrolls of enchant armour
 l - a scroll of blinking
 s - 2 scrolls of identify
 u - a scroll of random uselessness {unknown}
Potions
 h - a potion of cancellation {unknown}
 i - 2 potions of degeneration {unknown}
 k - a potion of resistance {unknown}
 o - a potion of brilliance {unknown}
 p - a potion of magic {unknown}
 q - a potion of haste {unknown}
 r - a potion of curing
Comestibles
 f - a bread ration
 g - 3 meat rations
 m - a royal jelly


   Skills:
 + Level 4.4 Fighting
 + Level 4.3 Long Blades
 - Level 2.8 Armour
 - Level 2.6 Shields


You had 3 spell levels left.
You didn't know any spells.

Dungeon Overview and Level Annotations

Branches:
Dungeon (3/15)

Altars:
Fedhas

Annotations:
D:3 Grinder


Message History

Grinder is heavily wounded.
Grinder gestures at you.
You barely resist. Grinder gestures at you.
You suddenly lose the ability to move!
Grinder gestures.
Grinder blinks!
You can move again.
Grinder gestures at you.
You suddenly lose the ability to move!
Grinder gestures at you. You resist with significant effort.
You feel yourself speed up.
Grinder drinks a potion.
Grinder is healed!
Grinder says, "Wait up."
Grinder hits you.
* * * LOW HITPOINT WARNING * * *
You writhe in agony. x2
Grinder hits you.
You die...

# # ## ##### # #.#
#########...######
#.#
#.................
#.##@######..#..#####
#.#[5###......#..###
#$......#...#...#..#
#.#.......#...#...#.
#.......#...#...#...
#.#.......#...#...#.
#...#...#...#...#...
#.#...#.......#...#.
#...#...#...#...#...


You could see Grinder.

Vanquished Creatures
  Jessica (D:3)
  2 adders (D:2)
  2 oozes
  A worm (D:2)
  2 giant geckos
  4 orcs (D:3)
  3 goblins
  2 hobgoblins
  5 kobolds (D:1)
  2 quokkas
  2 ball pythons
  9 bats
  3 giant cockroaches
  3 giant newts
  2 jackals (D:2)
  6 rats
49 creatures vanquished.

Notes
Turn   | Place    | Note
--------------------------------------------------------------
     0 | D:1      | JokEr the High Elf Fighter began the quest for the Orb.
     0 | D:1      | Reached XP level 1. HP: 16/16 MP: 2/2
   512 | D:1      | Reached XP level 2. HP: 21/21 MP: 3/3
  1171 | D:2      | Reached XP level 3. HP: 24/27 MP: 4/4
  1224 | D:2      | Found a blossoming altar of Fedhas.
  1764 | D:2      | Reached skill level 4 in Fighting
  2123 | D:3      | Reached XP level 4. HP: 12/33 MP: 5/5
  2411 | D:3      | Noticed Jessica
  2412 | D:3      | Noticed Grinder
  2418 | D:3      | Killed Jessica
  2423 | D:3      | Paralysed by Grinder for 6 turns
  2429 | D:3      | Paralysed by Grinder for 3 turns
  2442 | D:3      | Paralysed by Grinder for 3 turns
  2446 | D:3      | Paralysed by Grinder for 6 turns
  2451 | D:3      | Slain by Grinder

Vault maps used:
D:1:      arrival_zaba_pyramid
D:2:      fedhas_altar_2
D:3:      hex_large, uniq_jessica, uniq_grinder

Action                   |  1- 3 |  4- 6 || total
-------------------------+-------+-------++-------
Melee: Long sword        |   108 |    28 ||   136
  Use: Scroll            |     6 |       ||     6
       Potion            |       |     1 ||     1
  Eat: Chunk             |     4 |     1 ||     5
